 Dungeon Crawl Stone Soup version 0.31-a0-174-g85c54bcb58 (webtiles) character file.

Game seed: 4605135204448895830

132 qw the Shooter (level 5, -28/32 HPs)
             Began as a Gargoyle Hunter on June 15, 2023.
             Annihilated by an ogre
             ... wielding a +0 giant spiked club
              (31 damage)
             ... on level 3 of the Dungeon.
             The game lasted 00:00:39 (1727 turns).

qw the Shooter (Gargoyle Hunter)                    Turns: 1727, Time: 00:00:39

Health: -28/32     AC:  9    Str: 14    XL:     5   Next: 15%
Magic:  5/5        EV: 11    Int: 10    God:
Gold:   129        SH:  0    Dex: 15    Spells: 4/4 levels left

rFire   . . .        Y - +1 shortbow
rCold   . . .        (shield currently unavailable)
rNeg    + . .        f - +0 ring mail
rPois   inf          (no helmet)
rElec   +            (no cloak)
rCorr   .            (no gloves)
SInv    .            (no boots)
Will    .....        (no amulet)
Stlth   +            (no ring)
HPRegen 0.25/turn    (no ring)
MPRegen 0.09/turn

%: no passive effects
@: no status effects
A: sickness immunity, AC +4, negative energy resistance 1, electricity
resistance, torment resistance 1, petrification resistance
a: no special abilities


You were on level 3 of the Dungeon.
You visited 1 branch of the dungeon, and saw 3 of its levels.

You collected 129 gold pieces.


Innate Abilities, Weirdness & Mutations

You are immune to sickness and miasma.
Your stone body is resilient. (AC +4)
You are immune to poison.
You resist negative energy. (rN+)
You are resistant to electric shocks. (rElec)
You are resistant to unholy torment.
You are immune to petrification.


   Skills:
 - Level 3.1 Fighting
 + Level 5.7 Ranged Weapons
 - Level 1.4 Armour
 - Level 1.5 Dodging
 - Level 1.1 Stealth


You had 4 spell levels left.
You didn't know any spells.
Your spell library was empty.

Inventory:

Hand Weapons
 Y - a +1 shortbow (weapon)
Armour
 f - a +0 ring mail (worn)
Scrolls
 a - a scroll of fear {unknown}
Potions
 d - a potion of attraction {unknown}
 e - a potion of enlightenment {unknown}
 h - a potion of mutation {unknown}
 i - a potion of cancellation {unknown}

Dungeon Overview and Level Annotations

Branches:
Dungeon (3/15)

Altars:


Message History

You shoot an arrow. The arrow barely misses the goblin.
The arrow hits the goblin!
You kill the goblin!
A goblin comes into view. It is wielding a +0 dagger.
You shoot an arrow. The arrow hits the goblin!
You kill the goblin!
A goblin comes into view. It is wielding a +0 club.
The goblin hits you but does no damage.
You shoot an arrow.
The arrow hits the goblin but does no damage.
The goblin hits you but does no damage.
You shoot an arrow. The arrow hits the goblin.
You kill the goblin!
The goblin unwields a +0 club.
The goblin wields a +0 sling.
The goblin shoots a sling bullet.
The sling bullet closely misses you.
An ogre comes into view. It is wielding a +0 giant spiked club.
You shoot an arrow. The arrow hits the goblin.
You kill the goblin!
You shoot an arrow. The arrow hits the ogre.
The ogre is lightly wounded.
The ogre hits you with a +0 giant spiked club!!
Ouch! That really hurt!
A goblin comes into view. It is wielding a +0 club.
The goblin moves out of view.
You shoot an arrow. The arrow hits the ogre!
The ogre is moderately wounded.
The ogre hits you with a +0 giant spiked club!
You shoot an arrow. The arrow barely misses the ogre.
The arrow hits the goblin.
You kill the goblin!
The ogre misses you.
You shoot an arrow. The arrow hits the ogre.
The ogre is heavily wounded.
The ogre barely misses you.
You shoot an arrow. The arrow hits the ogre.
The ogre is severely wounded.
You shoot an arrow. The arrow hits the ogre!
The ogre is almost dead.
The ogre hits you with a +0 giant spiked club!!
Ouch! That really hurt!
You die...

# ##.....##
###.......#
..........#
###.......# #
##.....## ## #
##....# ###) #
##.#.# #g' #
#.#.# ##O# #
#.#.# #)@# #
#.#.# ##.#
#.#.# #.# #>#.#
#.# #...#
#####.# ###.#
#.....# #.#
#.##### #.# #.#
###.###.#######


You could see an ogre and a goblin.

Vanquished Creatures
  4 adders
  4 gnolls (D:3)
  A dart slug (D:2)
  3 endoplasms
  3 giant cockroaches
  7 goblins (D:3)
  3 hobgoblins
  12 jackals
  A quokka (D:1)
  4 ball pythons (D:2)
  A bat (D:2)
  2 frilled lizards (D:1)
  5 kobolds
  4 rats
54 creatures vanquished.

Notes
Turn   | Place    | Note
-------+----------+-------------------------------------------
     0 | D:1      | qw the Gargoyle Hunter began the quest for the Orb.
     0 | D:1      | Reached XP level 1. HP: 12/12 MP: 1/1
     0 | D:1      | 0 ||| qw: Version: 0.2-a-29-g511e9b1
     0 | D:1      | 0 ||| qw: Game counter: 5349
     0 | D:1      | 0 ||| qw: Always use a shield: true
     0 | D:1      | 0 ||| qw: God list: Okawaru
     0 | D:1      | 0 ||| qw: Allow faded altars: false
     0 | D:1      | 0 ||| qw: Do Orc after D:15 true
     0 | D:1      | 0 ||| qw: Do second Lair branch before Depths: true
     0 | D:1      | 0 ||| qw: Lair rune preference: random
     0 | D:1      | 0 ||| qw: Plans: Normal, Zot:1-4, Slime:5, God:TSO, Crypt,
                  | Tomb, Abyss, Pan, Hells, Win
     0 | D:1      | 0 ||| PLANNING D:1-11
   267 | D:1      | Reached XP level 2. HP: 13/17 MP: 2/2
   716 | D:1      | 716 ||| READING scroll labelled RYUNIMP BIVISHRILL.
   717 | D:1      | 717 ||| DROPPING scroll of butterflies.
   809 | D:2      | Reached XP level 3. HP: 21/21 MP: 3/3
   812 | D:2      | Reached skill level 5 in Ranged Weapons
  1002 | D:2      | Reached skill level 3 in Fighting
  1173 | D:2      | Reached XP level 4. HP: 27/28 MP: 4/4
  1410 | D:2      | 1410 ||| UPGRADING to +0 ring mail.
  1420 | D:2      | 1420 ||| DROPPING +0 leather armour.
  1421 | D:2      | 1421 ||| READING scroll labelled CETAASK KAERU.
  1422 | D:2      | 1422 ||| READING scroll labelled KUMAUC UPUNU.
  1423 | D:2      | 1423 ||| READING scroll labelled PATTAM JICH.
  1424 | D:2      | 1424 ||| READING scroll labelled APTUMU MOYXANA.
  1449 | D:3      | 1449 ||| Stepping ~*~*~tactically~*~*~ (outnumbered).
  1464 | D:3      | Reached skill level 1 in Armour
  1478 | D:3      | HP: 6/28 [gnoll/+0 spear (4)]
  1551 | D:3      | 1551 ||| FLEEEEING.
  1552 | D:3      | 1552 ||| STAIRDANCE
  1603 | D:3      | Reached XP level 5. HP: 32/32 MP: 5/5
  1720 | D:3      | Noticed an ogre
  1723 | D:3      | HP: 2/32 [ogre/+0 giant spiked club (13)]
  1727 | D:3      | Annihilated by an ogre

Levels and vault maps discovered:
D:1:      kennysheep_arrival_forest, layout_basic
D:2:      layout_basic, skrybe_limestone_x
D:3:      layout_loops_ring, mainiacjoe_overflow_alcove_2,
          mainiacjoe_overflow_boulevard, minmay_ogre_servants

Skill      XL: |  1  2  3  4 |
---------------+-------------+-----
Ranged Weapons | 5 |  5.7
Fighting       | 3 |  3.1
Armour         | 1 |  1.4
Dodging        | |  1.5
Stealth        | |  1.1

Action                     |  1- 3 |  4- 6 || total
---------------------------+-------+-------++-------
   Fire: Shortbow          |   106 |    53 ||   159
    Use: Scroll            |     1 |     4 ||     5
 Armour: Leather armour    |    31 |       ||    31
         Ring mail         |       |    12 ||    12
  Dodge: Dodged            |    45 |    17 ||    62

Table legend:
 A = Non-vault XP
 B = Vault XP
 C = Vault XP percentage of total XP
 D = Non-vault monster count
 E = Vault monster count
 F = Vault count percentage of total count
                 A         B        C        D         E       F
            +---------+---------+-------+---------+---------+-------
      Total |     176 |      13 |   6.9 |      47 |       7 |  13.0
            +---------+---------+-------+---------+---------+-------
        D:1 |      23 |       0 |   0.0 |      14 |       0 |   0.0
        D:2 |      71 |       0 |   0.0 |      22 |       0 |   0.0
        D:3 |      82 |      13 |  13.7 |      11 |       7 |  38.9
            +---------+---------+-------+---------+---------+-------
